 Dungeon Sprint DCSS version 0.29.1-2-gbd0b4ee654 (webtiles) character file.

Game seed: 2654713431340999830

164 Zeld the Cleaver (level 5, -8/51 HPs)
             Began as a Minotaur Berserker on Oct 25, 2022.
             Was a Believer of Trog.
             Mangled by a killer bee (14 damage)
             ... in the Dungeon (Sprint IV: "Fedhas' Mad Dash").
             The game lasted 00:00:44 (933 turns).

Zeld the Cleaver (Minotaur Berserker)                Turns: 933, Time: 00:00:44

Health: -8/51      AC:  2    Str: 23    XL:     5   Next: 21%
Magic:  2/4        EV: 13    Int:  4    God:    Trog [**....]
Gold:   32         SH:  0    Dex: 10    Spells: 4/4 levels left

rFire   . . .      SeeInvis .   a - +0 hand axe
rCold   . . .      Faith    .   (no shield)
rNeg    . . .      Spirit   .   b - +0 animal skin
rPois   .          Reflect  .   (helmet restricted)
rElec   .          Harm     .   (no cloak)
rCorr   .          Rampage  .   (no gloves)
Will    ++...      NoTele   +   (no boots)
Stlth   +.........              k - amulet of invisibility {+Inv}
HPRegen 1.17/turn               (no ring)
MPRegen 0.09/turn               (no ring)

@: lethally poisoned (-8 -> -8), strong-willed, very slightly contaminated,
regenerating
A: horns 2, retaliatory headbutt
a: Renounce Religion, Evoke Invisibility, Berserk, Trog's Hand


You were in the Dungeon.
You worshipped Trog.
Trog was pleased with you.
You visited 1 branch You collected 32 gold pieces.

Inventory:

Hand Weapons
 a - a +0 hand axe (weapon)
Armour
 b - a +0 animal skin (worn)
Jewellery
 k - the amulet of invisibility (around neck) {+Inv}
   (You found it in the Dungeon)

   [amulet of nothing]

   +Inv:      It lets you turn invisible.
Scrolls
 i - a scroll of immolation {unknown}
Potions
 d - a potion of heal wounds
 e - a potion of haste
 f - 2 potions of magic
 g - a potion of berserk rage
 j - 2 potions of ambrosia {unknown}


   Skills:
 + Level 6.7 Fighting
 * Level 8.9 Axes
 + Level 6.1 Armour
 + Level 5.5 Dodging


You had 4 spell levels left.
You didn't know any spells.
Your spell library was empty.

Dungeon Overview and Level Annotations

Branches:
Dungeon (1/1)

Altars:


Innate Abilities, Weirdness & Mutations

You have a pair of horns on your head.
You reflexively headbutt those who attack you in melee.


Message History

You feel strong-willed.
You feel very sick. The killer bee stings you. The queen bee stings you!!
* * * LOW HITPOINT WARNING * * *
The killer bee stings you.
* * * LOW HITPOINT WARNING * * *
You are more poisoned.
The killer bee poisons you!
Unknown command.
You feel better.
You flicker back into view.
The killer bee stings you but does no damage.
The killer bee stings you.
* * * LOW HITPOINT WARNING * * *
You are poisoned.
The killer bee poisons you!
The queen bee calls on the killer bee to defend it!
The killer bee goes berserk!
The killer bee barely misses you. The killer bee completely misses you.
The killer bee closely misses you.
Unknown command.
What are your orders? t - Shout!
Orders for allies: a - Attack new target. r - Retreat! s - Stop attacking. g - Guard the area. f - Follow me.
Anything else - Cancel.
Okay, then.
You don't know any spells.
Unknown command.
Blink to where?
Press: ? - help, Dir - move target
As you read the scroll of blinking, it crumbles to dust.
You feel sick.
You hear an angry buzzing noise.
You feel sick.
You feel sick.
The killer bee rages. x2
There is an open door here.
You feel sick. The killer bee stings you!
You die...

##################
#<..P#.....#.....#
#PP..'.....'.#†).+
#PPPP#.....#.#...#
###############'##
#..y♣........y@..#
#..yy..♣.....#..$#
#.....♣..♣..######
##+####+#####


You could see a killer bee (berserk).

Vanquished Creatures
  A scorpion (D)
  A killer bee (D)
  2 oklob saplings (D)
  A river rat (D)
  A rat (D)
6 creatures vanquished.

Notes
Turn   | Place    | Note
-------+----------+-------------------------------------------
     0 | D        | Zeld the Minotaur Berserker began the quest for the Orb.
     0 | D        | Reached XP level 1. HP: 19/19 MP: 0/0
    15 | D        | Reached skill level 4 in Axes
    15 | D        | Reached XP level 2. HP: 5/27 MP: 1/1
   370 | D        | Noticed an oklob sapling
   374 | D        | Killed an oklob sapling
   374 | D        | Reached ** piety under Trog
   375 | D        | Reached skill level 6 in Axes
   375 | D        | Reached XP level 3. HP: 29/35 MP: 2/2
   701 | D        | Noticed a scorpion
   701 | D        | Found the amulet of invisibility {+Inv}
   705 | D        | Killed a scorpion
   706 | D        | Reached skill level 5 in Fighting
   706 | D        | Reached skill level 7 in Axes
   706 | D        | Reached skill level 5 in Armour
   706 | D        | Reached XP level 4. HP: 44/44 MP: 3/3
   757 | D        | Reached skill level 8 in Axes
   757 | D        | Reached skill level 5 in Dodging
   919 | D        | Noticed a queen bee
   925 | D        | Reached XP level 5. HP: 51/51 MP: 2/4
   933 | D        | Mangled by a killer bee

Illustrated notes

Levels and vault maps discovered:
D:        dungeon_sprint_fedhas [sprint_temple]

Skill      XL: |  1  2  3  4 |
---------------+-------------+-----
Fighting       | 4 5 6 |  6.7
Axes           | 4 6 7 8 |  8.9
Armour         | 3 4 5 6 |  6.1
Dodging        | 3 4 5 |  5.5

Action                   |  1- 3 |  4- 6 || total
-------------------------+-------+-------++-------
Melee: Hand axe          |    13 |     6 ||    19
       Headbutt          |     2 |     3 ||     5
Invok: Berserk           |     3 |       ||     3
       Trog's Hand       |       |     1 ||     1
 Abil: Evoke Invisibilit |       |     2 ||     2
  Use: Scroll            |       |     1 ||     1
       Potion            |       |     1 ||     1
 Stab: Invisible         |       |     2 ||     2
Armor: Animal skin       |       |     1 ||     1
Dodge: Dodged            |     6 |    10 ||    16
